cohdb
Replays
Latest Replays
All Replays
Popular Replays
Top Player Replays
Match Explorer
How It Works
Community
CoH3 Stats
Reddit
Sign in to upload your games and track your stats! →
Sign in with Steam
Match 39742051
Unlisted
Match 39742051
Overview
Messages
Build Orders
End
Scout Squad
Construct Weapon Support Center
Construct Barracks
Riflemen Squad
Riflemen Squad
Grenade Package
Riflemen Squad
Selects Heavy Weapons
Construct Weapon Support Center
Construct Medical Station
Construct Weapon Support Center
M1919 Machine Gun Team
Selects M2HB .50cal Heavy Machine Gun
Infantry Support Center
M1918 Browning Automatic Rifles
M3 Armored Personnel Carrier
Engineer Squad
Sarg gX
Saueee
0
0
Comments
sign in to comment!
No comments posted yet!